 Dungeon Crawl Stone Soup version 0.13.0-5-g7e31f0a (webtiles) character file.

5975 Deemzul the Covert (level 10, -6/93 HPs)
             Began as an Octopode Monk on Oct 14, 2013.
             Was an Elder of Trog.
             Mangled by a yak (9 damage)
             ... on Level 9 of the Dungeon.
             The game lasted 00:32:49 (10811 turns).

Deemzul the Covert (Octopode Monk)                 Turns: 10811, Time: 00:32:50

HP  -6/93        AC  1     Str 16      XL: 10   Next: 75%
MP   9/9         EV 13     Int 12      God: Trog [****..]
Gold 311         SH 11     Dex 18      Spells:  0 memorised,  9 levels left

Res.Fire  : . . .   See Invis. : .     - Unarmed
Res.Cold  : . . .   Warding    : .   w - +0 buckler
Life Prot.: . . .   Conserve   : .   (helmet restricted)
Res.Poison: .       Res.Corr.  : .   (no amulet)
Res.Elec. : .       Clarity    : .   H - ring of flight
Sust.Abil.: . .     Spirit.Shd : .   (no ring)
Res.Mut.  : .       Stasis     : .   (no ring)
Res.Rott. : .       Flight     : .   (no ring)
Saprovore : . . .                    (no ring)
                                     (no ring)
                                     (no ring)
                                     (no ring)

@: berserking (expiring), very quick, somewhat resistant to hostile
enchantments, extremely unstealthy
A: almost no armour, amphibious, 8 rings, constrict 8, camouflage 1, AC +1
a: Burn Spellbooks, Berserk, Trog's Hand, Brothers in Arms, Renounce Religion,
Evoke Flight


You were on level 9 of the Dungeon.
You worshipped Trog.
Trog was greatly pleased with you.
You were not hungry.

You visited 1 branch of the dungeon, and saw 9 of its levels.

You collected 311 gold pieces.

Inventory:

Hand weapons
 i - a +0 blowgun
 n - a +1,+3 orcish hand axe (quivered)
 p - a +1,+3 orcish hand axe
 q - a +1,+3 orcish hand axe
Missiles
 m - 18 poisoned needles
Armour
 w - a +0 buckler (worn)
Magical devices
 j - a wand of confusion (0)
 l - a wand of flame (11)
 x - a wand of digging (14) {unknown}
 y - a wand of flame (14)
Comestibles
 b - 5 bread rations
 c - a pear
 f - 2 meat rations
 g - 4 rotting chunks of gnoll flesh
 u - an apricot
 v - 2 chunks of yak flesh
 C - 8 slices of pizza
 G - 11 strawberries
 J - an orange
Scrolls
 a - a scroll of amnesia {unknown}
 d - a scroll of curse jewellery
 e - 5 scrolls of identify
 h - 2 scrolls of fear {unknown}
 k - 2 scrolls of recharging
 r - 2 scrolls of enchant armour
 s - 5 scrolls of remove curse
 A - a scroll of acquirement {unknown}
 B - 2 scrolls of random uselessness
 E - a scroll of magic mapping {unknown}
 F - a scroll of enchant weapon II {unknown}
 I - a scroll of curse weapon {unknown}
Jewellery
 H - a ring of flight (left tentacle)
Potions
 o - a potion of agility
 t - a potion of brilliance
 z - a potion of cure mutation
 D - a potion of restore abilities


   Skills:
 - Level 3.0 Fighting
 - Level 3.0 Dodging
 + Level 13.8 Stealth
 + Level 3.0 Shields
 * Level 13.8 Unarmed Combat


You had 9 spell levels left.
You didn't know any spells.

Dungeon Overview and Level Annotations

Branches:
Dungeon (9/27)             Temple (0/1) D:7
    Orc: D:6-11        Lair: D:8-13

Altars:
Ashenzari
Kikubaaqudgha
Makhleb
Trog
Xom

Shops:
D:7 +


Innate Abilities, Weirdness & Mutations

You cannot wear most types of armour.
You are amphibious.
You can wear up to eight rings at the same time.
You can use your tentacles to constrict many enemies at once.
Your skin changes colour to match your surroundings (Stlth).
Your rubbery body absorbs attacks (AC +1).


Message History

You barely miss the yak. You tentacle-slap the yak!
Your squeeze misses the yak.
The yak is severely wounded.
The yak gores you.
* * * LOW HITPOINT WARNING * * *
The yak misses you.
You bludgeon the yak! You tentacle-slap the yak.
The yak is almost dead.
The yak gores you!
* * * LOW HITPOINT WARNING * * *
The yak gores you!
* * * LOW HITPOINT WARNING * * *
You bludgeon the yak!
You kill the yak!
Trog accepts your kill.
Your Shields skill increases to level 3!
You hit the yak. You tentacle-slap the yak!
The yak is moderately wounded.
The yak gores you!
You die...

.........
#.........#
#.........#
#.........#
#.........#
#.........#
#.<.......#
#.....%...#
#.....Y@..#
#.........#
#.........#
............
.............
$..........!...
............
......... ...


You could see a yak.

Vanquished Creatures
  A feature mimic (D:8)
  The ghost of Deemzul the Insei, an average OpMo (D:3)
  4 yaks
  A deep dwarf (D:8)
  An ice beast (D:7)
  3 orc warriors
  A centaur (D:6)
  3 ogres
  A phantom (D:5)
  A sky beast (D:6)
  A giant frog (D:6)
  2 water moccasins
  Blork the orc (D:4)
  A gnoll sergeant (D:3)
  An eye of draining (D:4)
  A wight (D:8)
  4 crimson imps
  7 orc priests
  A giant frog zombie (D:6)
  4 gnoll shamans
  5 hounds
  A giant frog skeleton (D:8)
  A quasit (D:6)
  3 scorpions
  6 worker ants
  A centaur skeleton (D:4)
  An orc wizard (D:7)
  4 iguanas
  2 ogre skeletons
  44 gnolls
  A worker ant zombie (D:8)
  8 adders
  3 giant mites
  4 worms
  A giant eyeball (D:6)
  7 giant geckos
  2 oozes
  27 orcs
  16 bats
  A bat skeleton (D:5)
  8 giant cockroaches
  13 goblins
  23 hobgoblins
  28 jackals
  7 quokkas
  3 ball pythons
  A giant gecko skeleton (D:4)
  4 giant newts
  A giant spore (D:8)
  A goblin skeleton (D:3)
  2 goblin zombies (D:5)
  A hobgoblin zombie (D:8)
  15 kobolds
  3 kobold skeletons
  7 rats
  A rat skeleton (D:4)
  A ballistomycete (D:8)
297 creatures vanquished.

Vanquished Creatures (collateral kills)
  A giant frog (D:8)
  A wight (D:8)
  A worm (D:8)
  2 ballistomycetes (D:8)
5 creatures vanquished.

Vanquished Creatures (others)
  2 butterflies (D:4)
2 creatures vanquished.

Grand Total: 304 creatures vanquished

Notes
Turn   | Place    | Note
--------------------------------------------------------------
     0 | D:1      | Deemzul, the Octopode Monk, began the quest for the Orb.
     0 | D:1      | Reached XP level 1. HP: 14/14 MP: 0/0
   285 | D:1      | Found a shattered altar of Ashenzari.
   292 | D:1      | Reached XP level 2. HP: 13/19 MP: 1/1
   640 | D:1      | Reached XP level 3. HP: 9/25 MP: 2/2
   961 | D:2      | Reached skill level 5 in Unarmed Combat
   983 | D:2      | Reached XP level 4. HP: 18/30 MP: 3/3
  1632 | D:3      | Reached XP level 5. HP: 31/35 MP: 4/4
  1701 | D:3      | Reached skill level 5 in Stealth
  2220 | D:3      | Noticed a gnoll sergeant
  2247 | D:3      | Reached skill level 6 in Unarmed Combat
  2247 | D:3      | Reached XP level 6. HP: 41/41 MP: 5/5
  2249 | D:3      | Noticed Deemzul's ghost (average OpMo)
  2268 | D:3      | Killed Deemzul's ghost
  2500 | D:3      | Reached XP level 7. HP: 37/45 MP: 6/6
  2619 | D:3      | Reached skill level 7 in Unarmed Combat
  2995 | D:3      | Killed a gnoll sergeant
  4942 | D:3      | Reached skill level 8 in Unarmed Combat
  5139 | D:3      | Reached XP level 8. HP: 52/52 MP: 7/7
  5151 | D:3      | Found a burning altar of Makhleb.
  5152 | D:3      | Found a shimmering altar of Xom.
  5373 | D:4      | Noticed Blork the orc
  5850 | D:5      | Entered Level 5 of the Dungeon
  6156 | D:4      | Found a bloodstained altar of Trog.
  6173 | D:4      | Became a worshipper of Trog the Wrathful
  6173 | D:4      | Acquired Trog's first power
  6173 | D:4      | Acquired Trog's second power
  6412 | D:4      | Killed Blork the orc
  6412 | D:4      | Reached skill level 9 in Stealth
  6714 | D:5      | Reached skill level 13 in Stealth
  6714 | D:5      | Reached XP level 9. HP: 25/56 MP: 8/8
  7408 | D:6      | Reached skill level 1 in Shields
  7886 | D:6      | Paralysed by a giant eyeball for 4 turns
  7892 | D:6      | Reached XP level 10. HP: 11/62 MP: 9/9
  7895 | D:6      | Paralysed by a giant eyeball for 3 turns
  8331 | D:7      | Found an ancient bone altar of Kikubaaqudgha.
  8798 | D:7      | Found Cluotukk's Book Boutique.
  9029 | D:7      | Found a staircase to the Ecumenical Temple.
  9301 | D:7      | Acquired Trog's third power
 10288 | D:8      | Found an ancient bone altar of Kikubaaqudgha.
 10809 | D:9      | HP: 3/93 [yak (16)]
 10811 | D:9      | Mangled by a yak

Action                   |  1- 3 |  4- 6 |  7- 9 | 10-12 || total
-------------------------+-------+-------+-------+-------++-------
Melee: Unarmed           |    72 |   165 |   257 |   162 ||   656
       Blowgun           |       |       |    75 |       ||    75
 Fire: Blowgun           |       |       |     3 |       ||     3
Throw: Hand axe          |       |     3 |     4 |       ||     7
Invok: Berserk           |       |       |     5 |     3 ||     8
       Trog's Hand       |       |       |     1 |     4 ||     5
       Brothers in Arms  |       |       |       |     1 ||     1
Evoke: Wand              |       |       |     9 |     1 ||    10
  Use: Potion            |     2 |     1 |     3 |     6 ||    12
       Scroll            |     1 |       |    11 |     5 ||    17
 Stab: Sleeping          |    10 |    12 |    20 |    13 ||    55
       Distracted        |     1 |     1 |       |     1 ||     3
